Unix NetHack Version 5.0.0-0 post-release - last build May 17 2026 04:57:42 (dc50c8380fa5e20985bfe3072449f57b8d9895ef,branch:main).

Game began 2026-05-18 01:46:12, ended 2026-05-19 00:08:54.

Corncycle, chaotic male human Rogue

                              --------
                            ---.|...0|
                            |...0....|----------
                            |.-.0.-..|.|.......|
                            |...-..0.0.|.......|
                            |.-....|...|.......|
                            |....-.--.-|...<...|
                            |....%.....|.......|
                            |.--...|...|......Y|--
                            |....-.|---|.).....@.|
                            ---....------------|n|
                              |...>^...........-.|
                              --------------------

Corncycle the Rogue     St:14 Dx:17 Co:17 In:11 Wi:12 Ch:10  Chaotic S:18285
Dlvl:4  $:27 HP:0(74) Pw:28(28) AC:0  Xp:9 T:12748 

Latest messages:
 You throw 4 daggers.
 The 1st dagger hits the dwarf mummy!
 The 2nd dagger hits the dwarf mummy!
 The 3rd dagger hits the dwarf mummy!
 The 4th dagger hits the dwarf mummy!
 The dwarf mummy hits!
 In what direction?
 You throw 3 daggers.
 The 1st dagger hits the dwarf mummy!
 The 2nd dagger hits the dwarf mummy.
 The 3rd dagger hits the dwarf mummy.
 The dwarf mummy hits!
 In what direction?
 You throw 2 daggers.
 The 1st dagger hits the dwarf mummy.
 You destroy the dwarf mummy!
 R - 8 +0 daggers (at the ready) (12 in total).
 The owlbear hits!
 The owlbear hits again!
 The owlbear grabs you!
 You cannot escape from the owlbear!
 The owlbear hits!
 The owlbear hits again!
 You are being crushed.
 Your wallet contains 27 zorkmids.
 #
 #
 Are you sure you want to pray? [yn] (n)
 You begin praying to Kos.
 You are surrounded by a shimmering light.
 The owlbear loosens its grip slightly.
 The owlbear loosens its grip slightly.
 The owlbear loosens its grip slightly.
 You finish your prayer.
 You feel that Kos is well-pleased.
 You cannot escape from the owlbear!
 The owlbear hits!
 The owlbear hits again!
 You are being crushed.
 What do you want to write with? [- bpquvyzABD-FHN-RU-W or ?*]
 You can't reach the doorway.
 What do you want to zap? [vzAFPQUV or ?*]
 A mountain nymph suddenly appears next to you!
 The owlbear hits!
 You die...
 Do you want your possessions identified? [ynq] (y)
 Do you want to see your attributes? [ynq] (y)
 Do you want an account of creatures vanquished? [ynaq] (y)
 Do you want to see your conduct and achievements? [ynq] (y)
 Do you want to see the dungeon overview? [ynq] (y)

Inventory:
 Coins    ('$')
  $ - 27 gold pieces
 Amulets  ('"')
  r - an uncursed amulet of ESP
  x - a blessed amulet of reflection
  l - a cursed amulet of strangulation
 Weapons  (')')
  R - 12 +0 daggers (at the ready)
  E - a +0 elven dagger (weapon in right hand)
 Armor    ('[')
  i - an uncursed +0 dwarvish iron helm (being worn)
  K - a cursed +0 helm of brilliance
  G - an uncursed +0 pair of high boots (being worn)
  k - a cursed -1 pair of levitation boots
  I - an uncursed +0 pair of water walking boots
  j - an uncursed +0 alchemy smock with text "Kiss the cook"
  T - an uncursed +0 dwarvish cloak (being worn)
  t - an uncursed +0 leather cloak
  s - an uncursed +0 dwarvish mithril-coat (being worn)
 Comestibles  ('%')
  n - an uncursed food ration
  w - an uncursed sprig of wolfsbane
  S - 2 uncursed tripe rations
  f - an uncursed lizard corpse
 Scrolls  ('?')
  M - 2 uncursed scrolls of earth
 Potions  ('!')
  C - an uncursed potion of monster detection
 Rings    ('=')
  b - an uncursed ring of free action
  p - an uncursed ring of free action
  H - an uncursed ring of polymorph control
  N - an uncursed ring of polymorph control
  y - a cursed ring of polymorph control
  W - an uncursed ring of searching
  q - a cursed ring of shock resistance
  u - an uncursed ring of teleport control
 Wands    ('/')
  z - a cursed wand of create monster (0:14)
  F - a wand of digging (0:8)
  V - a wand of opening (0:5)
  A - a cursed wand of probing (0:3)
  U - a wand of sleep (0:6)
  v - a wand of slow monster (0:4)
  P - a wand of striking (0:0)
  Q - a wand of teleportation named uncharged (0:0)
 Tools    ('(')
  g - an uncursed blindfold
  e - an uncursed lock pick
  B - a cursed magic marker (0:20)
  d - a blessed oil lamp
  L - an uncursed skeleton key
  h - 5 uncursed tallow candles
  Z - an uncursed tin opener
  O - an uncursed towel
  m - a +0 unicorn horn
  J - a +0 unicorn horn
  X - a blessed wax candle
  c - 6 uncursed wax candles
 Gems/Stones  ('*')
  D - an uncursed luckstone

Corncycle the Rogue's attributes:

Background:
 You were a Rogue, level 9 male human.
 You were chaotic, on a mission for Kos
 who was opposed by Issek (lawful) and Mog (neutral).
 You were right-handed.
 You were in Sokoban, on level 4.
 You entered the dungeon 12748 turns ago.
 It was the midnight hour.
 There was a new moon in effect when your adventure ended.
 You had 4472 experience points, 648 more were needed to attain level 10.
 Your score was 18285 before end-of-game adjustments.

Basics:
 You had 0 out of 74 hit points.
 You had all 28 energy points (spell power).
 Your armor class was 0.
 Your wallet contained 27 zorkmids.
 Autopickup was off.

Final Characteristics:
 Your strength was 14 (peak:16, limit:18/100).
 Your dexterity was 17 (limit:18).
 Your constitution was 17 (limit:18).
 Your intelligence was 11 (limit:18).
 Your wisdom was 12 (limit:18).
 Your charisma was 10 (limit:18).

Final Status:
 You were held by an owlbear (northwest).
 You weren't hungry.
 You were unencumbered.
 You were wielding a dagger.
 You had expert skill with dagger.

Final Attributes:
 You were piously aligned.
 You were fire resistant.
 Your items were somewhat protected from fire.
 Your items were somewhat protected from cold.
 You were telepathic.
 You were stealthy.
 You were guarded.
 You had extra luck.
 Bad luck did not time out for you.
 Good luck did not time out for you.
 You are dead.

Miscellaneous:
 You encountered 1 bones level.
 Total elapsed playing time was 2 hours, 41 minutes and 47 seconds.

Major events:
 Turn
    1: Corncycle the chaotic male human Rogue entered the dungeon
  564: entered the Gnomish Mines
 1333: attained the rank of Cutpurse (level 3)
 3006: attained the rank of Rogue (level 6)
 3419: reached Mine Town
10026: entered Sokoban
11486: completed 1st Sokoban level
12267: completed 2nd Sokoban level
12695: completed 3rd Sokoban level
12748: killed by an owlbear

You didn't know any spells.

Skills:
 Fighting Skills
   bare handed combat [Unskilled]
   two weapon combat  [Unskilled]
   riding             [Unskilled]
 Weapon Skills
   dagger             [Expert]
   knife              [Unskilled]
   short sword        [Basic]
   broadsword         [Unskilled]
   long sword         [Unskilled]
   two-handed sword   [Unskilled]
   saber              [Unskilled]
   club               [Unskilled]
   mace               [Unskilled]
   morning star       [Unskilled]
   flail              [Unskilled]
   hammer             [Unskilled]
   polearms           [Unskilled]
   spear              [Unskilled]
   crossbow           [Unskilled]
   dart               [Unskilled]
   shuriken           [Unskilled]
 Spellcasting Skills
   divination spells  [Unskilled]
   escape spells      [Unskilled]
   matter spells      [Unskilled]

Voluntary challenges:
 Character rerolling was not enabled.
 You never genocided any monsters.
 You never polymorphed an object.
 You never changed form.
 You used no wishes.
 You did not violate any of the special Sokoban rules.
Achievements:
 You entered the Gnomish Mines.
 You entered a shop.
 You attained the rank of Cutpurse.
 You attained the rank of Rogue.
 You entered Minetown.
 You entered Sokoban.

 The Dungeons of Doom: levels 1 to 8
    Level 1:
       Many fountains.
    Level 2:
       Stairs down to The Gnomish Mines.
    Level 3:
       A general store, a fountain, a sink.
    Level 4:
    Level 5:
       A sink.
    Level 6:
       Many fountains.
       Oracle of Delphi.
    Level 7:
       A fountain.
       Stairs up to Sokoban, level 6.
    Level 8:
 The Gnomish Mines: levels 3 to 8
    Level 3:
    Level 4:
    Level 5:
       A grave.
       Final resting place for
          pavelek-Wiz-Elf-Mal-Cha, killed by a dwarf.
    Level 6:
       An altar, some fountains.
    Level 7:
    Level 8:
 Sokoban: levels 6 up to 4
    Level 4: <- You were here.
       Solved.
       Final resting place for
          you, killed by an owlbear.
    Level 5:
       Solved.
    Level 6:
       Solved.


Vanquished creatures:
  a ghost
  a giant mimic
  3 small mimics
  a warhorse
 an ogre leader
  a gelatinous cube
  a large cat
  2 tengu
  a leather golem
  2 chameleons
  a crocodile
  2 giant beetles
  a quivering blob
  a wolf
  a lynx
  a spotted jelly
  a leprechaun
  8 orc-captains
 an iron piercer
  4 giant spiders
  2 horses
  a black light
  a gnome ruler
  2 orc mummies
  3 dwarf mummies
 an ogre
  3 owlbears
  a werewolf
  5 lizards
  a dog
  a jaguar
  a dwarf leader
  a blue jelly
  a white unicorn
  a gray unicorn
  2 dust vortices
  a plains centaur
  2 gnome mummies
  a snake
 an ape
  4 human zombies
  a rope golem
  a fire ant
  2 quasits
  a wood nymph
  3 Mordor orcs
  3 Uruk-hai
  5 orc shamans
  2 ponies
  2 fog clouds
  a yellow light
  a violet fungus
 11 gnome leaders
  4 gnomish wizards
  a kobold mummy
  3 gray oozes
  2 ghouls
  2 straw golems
  a paper golem
  2 baby crocodiles
 11 giant ants
  3 floating eyes
 12 dwarves
  2 homunculi
  a kobold leader
  a kobold shaman
 12 hill orcs
  5 rothes
  a centipede
  a giant bat
  a monkey
 an orc zombie
  3 dwarf zombies
  2 wererats
  2 iguanas
  4 acid blobs
  a coyote
  6 hobbits
  2 large kobolds
  a hobgoblin
  7 giant rats
  2 cave spiders
  a brown mold
  2 yellow molds
 34 gnomes
 12 garter snakes
  a gnome zombie
  8 geckos
 11 jackals
  2 kobolds
  6 goblins
  3 sewer rats
  4 grid bugs
  2 bats
  a lichen
 11 newts
298 creatures vanquished.

No species were genocided or became extinct.

Game over:
                       ----------
                      /          \
                     /    REST    \
                    /      IN      \
                   /     PEACE      \
                  /                  \
                  |    Corncycle     |
                  |      27 Au       |
                  |   killed by an   |
                  |     owlbear      |
                  |                  |
                  |                  |
                  |       2026       |
                 *|     *  *  *      | *
        _________)/\\_//(\/(/\)/\//\/|_)_______

Goodbye Corncycle the Rogue...

You died in Sokoban on dungeon level 4 with 18283 points,
and 27 pieces of gold, after 12748 moves.
You were level 9 with a maximum of 74 hit points when you died.

